 Dungeon Crawl Stone Soup version 0.30-a0-672-gc3a7216ad8 (webtiles) character file.

Game seed: 4319582591875226690

1134 Absynth the Covert (level 8, -1/44 HPs)
             Began as a Kobold Brigand on Jan 18, 2023.
             Slain by an ogre
             ... wielding a +0 giant club
              (11 damage)
             ... on level 6 of the Dungeon.
             The game lasted 00:14:25 (5518 turns).

Absynth the Covert (Kobold Brigand)                 Turns: 5518, Time: 00:14:26

Health: -1/44      AC:  9    Str:  8    XL:     8   Next: 63%
Magic:  8/8        EV: 15    Int: 15    God:
Gold:   160        SH:  0    Dex: 16    Spells: 7/7 levels left

rFire   . . .      SeeInvis .    a - +2 dagger
rCold   . . .      Faith    .    (no shield)
rNeg    . . .      Spirit   .    B - +2 ring mail {Will+}
rPois   .          Reflect  .    (no helmet)
rElec   .          Harm     .    c - +0 cloak
rCorr   .          Rampage  .    k - +0 pair of gloves
Will    +....                    (no boots)
Stlth   +++++                    (no amulet)
HPRegen 0.27/turn                (no ring)
MPRegen 0.11/turn                (no ring)

@: no status effects
A: small, no large weapons, nightstalker 3
a: no special abilities


You were on level 6 of the Dungeon.
You visited 1 branch of the dungeon, and saw 6 of its levels.

You collected 426 gold pieces.
You spent 266 gold pieces at shops.

Inventory:

Hand Weapons
 a - a +2 dagger (weapon)
Missiles
 d - 10 poisoned darts (quivered)
 e - 3 curare-tipped darts
 p - 5 atropa-tipped darts
Armour
 c - a +0 cloak (worn)
 k - a +0 pair of gloves (worn)
 B - a +2 ring mail of willpower (worn)
Wands
 x - a wand of roots (13)
Scrolls
 g - a scroll of vulnerability {unknown}
 h - a scroll of enchant armour {unknown}
 i - 2 scrolls of amnesia {unknown}
 l - a scroll of noise {unknown}
 m - 2 scrolls of immolation {unknown}
 n - 2 scrolls of poison {unknown}
 s - a scroll of enchant weapon {unknown}
 t - 2 scrolls of identify {unknown}
 v - 2 scrolls of teleportation
 w - a scroll of blinking {unknown}
 y - a scroll of magic mapping {unknown}
 A - a scroll of fog {unknown}
Potions
 f - a potion of haste
 j - 2 potions of heal wounds
 o - 3 potions of mutation {unknown}
 q - 2 potions of attraction {unknown}
 r - a potion of flight {unknown}
 u - 3 potions of curing
 z - 3 potions of might {unknown}


   Skills:
 - Level 2.1 Fighting
 + Level 7.8 Short Blades
 - Level 2.1 Throwing
 + Level 6.6 Dodging
 + Level 9.6 Stealth


You had 7 spell levels left.
You didn't know any spells.
Your spell library contained the following spells:

 Spells                   Type           Power      Damage    Failure   Level
 Inner Flame              Hex/Fire       0%         N/A       94%         3
 Flame Wave               Conj/Fire      0%         2d4       100%        4
 Sticky Flame             Conj/Fire      0%         2d3       100%        4


Dungeon Overview and Level Annotations

Branches:
Dungeon (6/15)
 Temple: D:4-7

Altars:
Cheibriados
Makhleb

Shops:
D:1 !   D:5 (

Annotations:
D:6 Sigmund


Innate Abilities, Weirdness & Mutations

You are small and have problems with some larger weapons.
You are completely attuned to the shadows.


Message History

There is an open door here.
Throw: 13 darts (poison)
Press: ? - help, Q - select action, (/) - cycle Shift-Dir - straight line, f/p - ogre
Aim: an ogre, wielding a +0 giant club (lightly wounded, very poisoned, 76% to hit)
You throw a poisoned dart. The poisoned dart hits the ogre.
The ogre looks even sicker.
The ogre is lightly wounded.
The ogre hits you with a +0 giant club!
You hit the ogre. You punch the ogre.
The ogre is moderately wounded.
You hit the ogre but do no damage.
The ogre is moderately wounded.
The ogre closely misses you.
You barely miss the ogre.
The ogre is moderately wounded.
Throw: 12 darts (poison)
Press: ? - help, Q - select action, (/) - cycle Shift-Dir - straight line, f/p - ogre
Aim: an ogre, wielding a +0 giant club (moderately wounded, very poisoned, 76% to hit)
You throw a poisoned dart. The poisoned dart hits the ogre.
The ogre looks as sick as possible!
The ogre is moderately wounded.
The ogre closely misses you.
You hit the ogre.
The ogre is moderately wounded.
You hit the ogre.
The ogre is heavily wounded.
The ogre hits you with a +0 giant club!!
Ouch! That really hurt!
* * * LOW HITPOINT WARNING * * *
You hit the ogre.
The ogre is severely wounded.
The shadow imp summons a swarm of flies.
Throw: 11 darts (poison)
Press: ? - help, Q - select action, (/) - cycle Shift-Dir - straight line, f/p - ogre
Aim: an ogre, wielding a +0 giant club (almost dead, very poisoned, 76% to hit)
You throw a poisoned dart. The poisoned dart hits the ogre.
The ogre looks as sick as possible!
The ogre is almost dead.
The ogre hits you with a +0 giant club!
You die...

...#....[. .# #(..##
#.##### #'#...#+
#####(...... ..
#+#.#...).....
.####.###...##(.......
...#.#......O5.......
.###[#>#.....@##.......
.......#.......#.......
#####.#.'.....†.####+#
#.....#.#.......#
#.##..#.#......##
#.##....#......+
#.##....###...##
#.........#+
#..#........


You could see an ogre (extremely poisoned) and a shadow imp.

Vanquished Creatures
  Eustachio (D:4)
  Duvessa (D:4)
  An ice beast (D:5)
  2 phantoms (D:5)
  A bullfrog (D:6)
  A necrophage (D:5)
  A scorpion (D:5)
  Dowan (D:4)
  A jelly (D:5)
  2 iguanas (D:5)
  Ijyb (D:4)
  Natasha (thrice) (D:2)
  2 orc wizards (D:5)
  3 gnolls (D:4)
  6 adders
  2 ufetubi (D:5)
  2 worms
  6 dart slugs
  4 orcs
  A ball python (D:1)
  8 endoplasms
  4 giant cockroaches
  7 goblins
  10 hobgoblins
  3 jackals (D:1)
  7 kobolds
  6 quokkas
  2 bats
  2 frilled lizards
  8 rats
99 creatures vanquished.

Notes
Turn   | Place    | Note
-------+----------+-------------------------------------------
     0 | D:1      | Absynth the Kobold Brigand began the quest for the Orb.
     0 | D:1      | Reached XP level 1. HP: 12/12 MP: 1/1
    47 | D:1      | Found Xuss's Distillery.
   123 | D:1      | Reached XP level 2. HP: 6/17 MP: 2/2
   524 | D:1      | Reached XP level 3. HP: 21/21 MP: 3/3
   621 | D:1      | Found a faded altar of an unknown god.
   972 | D:1      | Bought a potion of degeneration for 14 gold pieces
   972 | D:1      | Bought a potion of heal wounds for 70 gold pieces
  1056 | D:2      | Reached skill level 6 in Stealth
  1123 | D:2      | Noticed Natasha
  1128 | D:2      | Killed Natasha
  1129 | D:2      | Reached XP level 4. HP: 26/26 MP: 4/4
  1222 | D:2      | You fall into a shaft and drop 2 floors!
  1608 | D:3      | Reached XP level 5. HP: 30/30 MP: 5/5
  1906 | D:2      | Noticed Natasha
  1958 | D:2      | Killed Natasha
  2191 | D:2      | Noticed Natasha
  2201 | D:2      | Killed Natasha
  3093 | D:4      | Reached skill level 7 in Stealth
  3140 | D:4      | Reached XP level 6. HP: 35/35 MP: 6/6
  3247 | D:4      | Noticed Eustachio
  3249 | D:4      | Killed Eustachio
  3250 | D:4      | Reached skill level 5 in Short Blades
  3366 | D:4      | Found a snail-covered altar of Cheibriados.
  3521 | D:4      | Noticed Dowan
  3522 | D:4      | Noticed Duvessa
  3926 | D:4      | Noticed Ijyb
  3931 | D:4      | Killed Ijyb
  3932 | D:4      | Reached XP level 7. HP: 40/40 MP: 7/7
  4061 | D:5      | Entered Level 5 of the Dungeon
  4113 | D:5      | Found a burning altar of Makhleb.
  4140 | D:4      | Reached skill level 8 in Stealth
  4256 | D:5      | Reached skill level 5 in Dodging
  4415 | D:5      | Reached XP level 8. HP: 28/44 MP: 8/8
  4509 | D:5      | Found Diacsyaz's Antique Weapon Shop.
  4539 | D:5      | Reached skill level 9 in Stealth
  5110 | D:1      | Bought a potion of lignification for 42 gold pieces
  5110 | D:1      | Bought a potion of haste for 140 gold pieces
  5237 | D:4      | Killed Duvessa
  5237 | D:4      | Killed Dowan
  5499 | D:6      | Noticed Sigmund
  5518 | D:6      | Slain by an ogre

Illustrated notes

Levels and vault maps discovered:
D:1:      psy_arrival_radial01, layout_loops_ring,
          shapermc_ecumenical_altar_hornbeckon, serial_shops,
          nicolae_shop_advertising_works [nicolae_subvault_shop_adworks]
D:2:      layout_rooms, hex_intersection, hangedman_decor_slide_cut,
          uniq_natasha
D:3:      layout_loops_corners
D:4:      layout_basic, kennysheep_slug_shrine, minmay_misc_feat_enclosed,
          uniq_duvessa, uniq_ijyb, uniq_eustachio
D:5:      layout_cave_pools, bloody_makhleb, serial_shops,
          nicolae_shop_behind_doors, minmay_starry_boxes
D:6:      nicolae_cairo_tiling_very_big, layout_basic, uniq_sigmund

Skill      XL: |  1  2  3  4  5  6  7  8 |
---------------+-------------------------+-----
Short Blades   | 3 4 5 6 7 |  7.8
Dodging        | 2 3 4 5 6 |  6.6
Stealth        | 6 7 8 9 |  9.6
Fighting       | |  2.1
Throwing       | |  2.1

Action                   |  1- 3 |  4- 6 |  7- 9 || total
-------------------------+-------+-------+-------++-------
Melee: Dagger            |    97 |   132 |    95 ||   324
       Punch             |     1 |       |     1 ||     2
Throw: Dart              |       |    20 |    31 ||    51
  Use: Potion            |       |     1 |     2 ||     3
       Scroll            |       |       |     1 ||     1
 Stab: Sleeping          |    15 |    21 |    12 ||    48
Armor: Robe              |    10 |    12 |     8 ||    30
       Ring mail         |       |       |     4 ||     4
Dodge: Dodged            |    46 |   101 |    66 ||   213

Table legend: (Time is in decaauts)
 A = Elapsed time spent in this place.
 B = Non-inter-level travel time spent in this place.
 C = Inter-level travel time spent in this place.
 D = Time resting spent in this place.
 E = Time spent auto-exploring this place.
 F = Levels seen in this place.
 G = Mean time per level.
                   A        B        C        D        E       F      G
               +--------+--------+--------+--------+--------+-----+--------+
         Total |   5428 |   4979 |    449 |    523 |   3320 |   6 |  904.7 |
       Dungeon |   5428 |   4979 |    449 |    523 |   3320 |   6 |  904.7 |
               +--------+--------+--------+--------+--------+-----+--------+

Top non-repeatable levels by time:
     D:4: 1577 daAuts
     D:3: 1040 daAuts
     D:1: 1009 daAuts
     D:5: 902 daAuts
     D:2: 826 daAuts
     D:6: 72 daAuts
